 Dungeon Crawl Stone Soup version 0.29-a0-284-gf9362112df (webtiles) character file.

Game seed: 6502143603881776900

12267 Zonian the Covert (level 11, -9/47 HPs)
             Began as a Vine Stalker Ice Elementalist on Mar 25, 2022.
             Was a Follower of Uskayaw.
             Mangled by a komodo dragon (23 damage)
             ... on level 3 of the Lair of Beasts.
             The game lasted 00:39:19 (16569 turns).

Zonian the Covert (Vine Stalker Ice Elementalist)  Turns: 16569, Time: 00:39:19

Health: -9/47      AC:  5    Str: 15    XL:     11   Next: 90%
Magic:  0/24       EV: 18    Int: 19    God:    Uskayaw [*.....]
Gold:   765        SH:  0    Dex: 14    Spells: 13/26 levels left

rFire   . . .      SeeInvis .   E - +8 short sword of Mebirum {venom, rF+ Str+3 Stlth+}
rCold   + . .      Faith    .   (no shield)
rNeg    + . .      Spirit   +   a - +0 robe
rPois   .          Reflect  .   f - +1 hat {Will+}
rElec   .          Harm     .   k - +1 cloak of Fashionability {+Inv rN+ Slay+3}
rCorr   .          Rampage  .   (no gloves)
Will    ++...                   (no boots)
Stlth   +++++.....              (no amulet)
HPRegen 0.95/turn               n - ring of ice
MPRegen 0.19/turn               z - +4 ring of evasion

@: fire susceptible
A: fangs 3, regeneration 1, magic shield, antimagic bite, no potion heal 2
a: Renounce Religion, Evoke Invisibility, Stomp


You were on level 3 of the Lair of Beasts.
You worshipped Uskayaw.
Uskayaw was noncommittal.
You visited 3 branches of the dungeon, and saw 17 of its levels.

You collected 765 gold pieces.

Inventory:

Hand Weapons
 i - the +5 hand axe of Expedience {speed, Int+4}
   (You found it on level 2 of the Dungeon)

   Attacks with this weapon are significantly faster.
   Int:       It affects your intelligence (+4).
 u - a +5 flail
 E - the +8 short sword of Mebirum (weapon) {venom, rF+ Str+3 Stlth+}
   (You found it on level 1 of the Lair of Beasts)

   It poisons the flesh of those it strikes.
   Str:       It affects your strength (+3).
   rF:        It protects you from fire.
   Stlth:     It makes you more stealthy.
 G - a +1 demon blade of electrocution
Missiles
 s - 15 poisoned darts
 t - 3 javelins
 H - 4 silver boomerangs
Armour
 a - a +0 robe (worn)
 f - a +1 hat of willpower (worn)
 g - an orb of guile
 k - the +1 cloak of Fashionability (worn) {+Inv rN+ Slay+3}
   (You found it on level 1 of the Lair of Beasts)

   Slay:      It affects your accuracy & damage with ranged weapons and melee
   (+3).
   rN:        It protects you from negative energy.
   +Inv:      It lets you turn invisible.
 C - a scarf of repulsion
Magical Staves
 F - a staff of air
Jewellery
 h - a ring of ice
 l - a ring of protection from cold
 n - a ring of ice (left hand)
 x - a ring of resist corrosion
 z - a +4 ring of evasion (right hand)
Wands
 v - a wand of flame (7)
 B - a wand of charming (5)
 D - a wand of mindburst (7)
Scrolls
 c - a scroll of holy word
 d - a scroll of teleportation
 p - 2 scrolls of fog
 y - a scroll of noise {unknown}
Potions
 b - 2 potions of magic
 e - 2 potions of mutation
 j - 3 potions of berserk rage
 m - 6 potions of curing
 o - a potion of brilliance {unknown}
 q - 2 potions of degeneration {unknown}
 r - 2 potions of ambrosia {unknown}
 w - 4 potions of flight {unknown}
 A - a potion of might {unknown}


   Skills:
 + Level 2.2 Short Blades
 - Level 5.7 Axes
 - Level 6.4 Dodging
 - Level 10.0 Stealth
 + Level 8.2 Spellcasting
 + Level 6.9 Conjurations
 + Level 4.2 Translocations
 + Level 8.9 Ice Magic


You had 13 spell levels left.
You knew the following spells:

 Your Spells              Type           Power      Damage    Failure   Level
a - Freeze                Ice            100%       1d11      1%          1
b - Frozen Ramparts       Ice            100%       1d12      1%          3
c - Ozocubu's Armour      Ice            58%        N/A       1%          3
d - Hailstorm             Conj/Ice       54%        3d12      3%          4
e - Blink                 Tloc           48%        N/A       2%          2

Your spell library contained the following spells:

 Spells                   Type           Power      Damage    Failure   Level
 Lesser Beckoning         Tloc           24%        N/A       4%          3
 Dazzling Flash           Conj/Hex       42%        N/A       6%          3
 Beastly Appendage        Tmut           14%        N/A       9%          1
 Wereblood                Tmut           7%         N/A       14%         2
 Spider Form              Tmut/Pois      7%         N/A       26%         3
 Tukima's Dance           Hex            7%         N/A       26%         3
 Manifold Assault         Tloc           24%        N/A       41%         5
 Anguish                  Hex/Necr       3%         N/A       65%         4
 Olgreb's Toxic Radiance  Pois           7%         N/A       65%         4
 Agony                    Necr           7%         N/A       94%         5
 Silence                  Hex/Air        3%         N/A       94%         5
 Enfeeble                 Hex            3%         N/A       100%        7


Dungeon Overview and Level Annotations

Branches:
Dungeon (10/15)            Temple (1/1) D:7            Lair (6/6) D:10
 Shoals (0/4) Lair:2        Snake (0/4) Lair:2          Orc (0/2) D:9
  Slime: Lair:5-6

Altars:
Ashenzari
Cheibriados
Dithmenos
Elyvilon
Fedhas
Gozag
Hepliaklqana
Kikubaaqudgha
Makhleb
Nemelex Xobeh
Okawaru
Qazlal
Ru
Sif Muna
Trog
Uskayaw
Vehumet
Wu Jian
Xom
Yredelemnul
Zin
The Shining One
Ignis

Shops:
D:4 (

Annotations:
D:3 Grinder
D:4 1 runed translucent door, exclusion: sky beast, Crazy Yiuf
D:7 2 transporters, spaghetti's ghost, novice DsFi


Innate Abilities, Weirdness & Mutations

You have razor-sharp teeth.
Your natural rate of healing is unusually fast.
When hurt, damage is shared between your health and your magic reserves.
Your bite disrupts and absorbs the magic of your enemies.
Potions cannot restore your health.


Message History

The wyvern completely misses you.
The wyvern bites you but does no damage.
You puncture the wyvern!
The wyvern is poisoned.
Your bite misses the wyvern.
The wyvern is heavily wounded.
The wyvern completely misses you.
You hit the wyvern. Your bite misses the wyvern.
The wyvern is severely wounded.
The wyvern completely misses you. The wyvern barely misses you.
You can now pass through a line of other dancers.
You hit the wyvern.
The wyvern looks as sick as possible!
You bite the wyvern.
You kill the wyvern!
No target in view!
You can no longer pass through a line of other dancers.
You now have 765 gold pieces (gained 18).
Found 24 stones.
l - a ring of protection from cold Unknown command.
Okay, then.
Unknown command.
You see here 24 stones.
A komodo dragon comes into view.
A komodo dragon is nearby!
Unknown command.
The komodo dragon hisses angrily.
The komodo dragon bites you!
You barely miss the komodo dragon. The komodo dragon barely misses you.
You hit the komodo dragon.
The komodo dragon is poisoned.
Your bite misses the komodo dragon.
The komodo dragon is lightly wounded.
The komodo dragon bites you!!
Unknown command.
You hit the komodo dragon. You bite the komodo dragon. You drain its power.
You feel invigorated.
The komodo dragon is moderately wounded.
The komodo dragon bites you!!
* * * LOW HITPOINT WARNING * * *
You hit the komodo dragon.
The komodo dragon is moderately wounded.
The komodo dragon bites you!!
You die...

.......Pā‰ˆā‰ˆā‰ˆā‰ˆP...
.......PPPP...P
#....##.... ..##
#...#...###..# ##
#....#.##..# .##
#####.......#
#.####..#..##.#..#####.#
...(.......#..##........
............###.@.......
.............##..l.....#
............####.......#
...........### ........#
...........#.# P........
..........[.............
............# #.P.###..P
..........## #.P## #.#
...........#


You could see a komodo dragon (very poisoned).

Vanquished Creatures
  A boulder beetle (Lair:2)
  A merfolk siren (Lair:2)
  A black mamba (Lair:2)
  4 cane toads (Lair:1)
  A komodo dragon (Lair:1)
  3 rime drakes
  2 polar bears (Lair:1)
  A hornet (D:7)
  2 trolls
  3 wyverns
  A wraith (D:10)
  17 yaks
  A steam dragon (D:9)
  3 wargs (D:10)
  6 water moccasins
  An acid dragon (D:9)
  2 black bears (Lair:1)
  An ice beast (D:6)
  A sky beast (D:7)
  3 centaurs
  A phantom (D:6)
  2 kobold brigands
  A gnoll sergeant (D:9)
  A scorpion (D:7)
  10 bullfrogs
  3 wights (D:9)
  20 killer bees
  3 howler monkeys
  An electric eel (Lair:1)
  2 hounds
  2 jellies
  2 orc priests
  4 iguanas
  8 orc wizards
  Robin (D:3)
  11 gnolls
  4 adders
  3 white imps
  2 worms
  3 dart slugs
  21 orcs
  3 ball pythons
  3 bat zombies (D:3)
  4 endoplasms
  3 giant cockroaches
  12 goblins
  13 hobgoblins
  4 jackals (D:1)
  A quokka (D:1)
  5 bats
  2 frilled lizards (D:1)
  25 kobolds
  6 rats
  A rat zombie (D:3)
  A butterfly (Lair:2)
243 creatures vanquished.

Vanquished Creatures (others)
  26 foxfires
  8 fungi
  4 plants
38 creatures vanquished.

Grand Total: 281 creatures vanquished

Notes
Turn   | Place    | Note
-------+----------+-------------------------------------------
     0 | D:1      | Zonian the Vine Stalker Ice Elementalist began the quest
                  | for the Orb.
     0 | D:1      | Reached XP level 1. HP: 9/9 MP: 4/4
   311 | D:1      | Reached XP level 2. HP: 7/13 MP: 0/6
   929 | D:1      | Found a faded altar of an unknown god.
   960 | D:1      | Prayed at the altar of an unknown god.
   960 | D:1      | Became a worshipper of Ignis, the Dying Flame
  1077 | D:1      | Reached skill level 3 in Stealth
  1158 | D:1      | Reached XP level 3. HP: 14/16 MP: 4/7
  2237 | D:2      | Identified the +5 hand axe of Expedience {speed, Int+4}
  2569 | D:3      | Learned a level 3 spell: Frozen Ramparts
  2573 | D:3      | Learned a level 3 spell: Ozocubu's Armour
  2604 | D:3      | Found an ancient bone altar of Kikubaaqudgha.
  2697 | D:3      | Gained mutation: Your natural rate of healing is unusually
                  | fast. [Vine Stalker growth]
  2697 | D:3      | Reached XP level 4. HP: 13/21 MP: 4/9
  2722 | D:3      | Noticed Robin
  3036 | D:3      | Killed Robin
  3278 | D:3      | Noticed Grinder
  4048 | D:4      | Reached XP level 5. HP: 12/24 MP: 1/10
  4050 | D:4      | HP: 1/24 [orc/+0 war axe (4)]
  4058 | D:4      | Reached skill level 4 in Stealth
  4099 | D:4      | Found Obla's Weapon Boutique.
  4204 | D:4      | Found a bloodstained altar of Trog.
  4501 | D:4      | Found a runed translucent door.
  4502 | D:4      | Noticed Crazy Yiuf
  4578 | D:4      | Reached XP level 6. HP: 16/28 MP: 3/12
  4581 | D:4      | Reached skill level 5 in Ice Magic
  4948 | D:4      | Noticed a sky beast
  5444 | D:5      | Entered Level 5 of the Dungeon
  5630 | D:5      | Reached skill level 5 in Stealth
  5674 | D:5      | Reached XP level 7. HP: 32/32 MP: 14/14
  6797 | D:6      | Learned a level 4 spell: Hailstorm
  7343 | D:6      | Reached skill level 1 in Axes
  7343 | D:6      | Reached skill level 1 in Conjurations
  7384 | D:6      | Gained mutation: You have razor-sharp teeth. [Vine Stalker
                  | growth]
  7384 | D:6      | Reached XP level 8. HP: 27/36 MP: 15/15
  7387 | D:6      | Reached skill level 6 in Stealth
  8074 | D:7      | Found a staircase to the Ecumenical Temple.
  8081 | D:7      | Noticed a hornet
  8094 | D:7      | Killed a hornet
  8095 | D:7      | Reached skill level 5 in Spellcasting
  8478 | D:7      | Noticed a moth of wrath
  8478 | D:7      | Noticed spaghetti's ghost (novice DsFi)
  8482 | D:7      | Found a transporter.
  8488 | D:7      | Found a transporter.
  8489 | D:7      | Found a bloodstained altar of Trog.
  8569 | D:7      | Found a sparkling altar of Nemelex Xobeh.
  8660 | D:7      | Found a hide-covered altar of Uskayaw.
  8829 | D:8      | Noticed a yak
  8829 | D:8      | Noticed a yak
  8829 | D:8      | Noticed a yak
  8856 | D:8      | Noticed a yak
  8932 | D:8      | Reached skill level 7 in Stealth
  8932 | D:8      | Reached XP level 9. HP: 36/39 MP: 16/18
  9573 | D:8      | Reached skill level 5 in Dodging
 10373 | D:9      | Got Fyitrah's Grimoire of Noxious Unholy Rites
 10422 | D:9      | Reached skill level 8 in Stealth
 10427 | D:9      | Reached XP level 10. HP: 20/44 MP: 8/20
 10576 | D:9      | Reached skill level 5 in Conjurations
 10887 | D:9      | Found a staircase to the Orcish Mines.
 10903 | D:9      | Learned a level 2 spell: Blink
 11016 | D:9      | Noticed a two-headed ogre
 11320 | D:9      | Noticed a two-headed ogre
 11401 | D:9      | Reached skill level 9 in Stealth
 11431 | D:9      | Reached skill level 1 in Translocations
 11865 | D:10     | Entered Level 10 of the Dungeon
 11918 | D:10     | Reached skill level 5 in Axes
 12246 | D:10     | Found a staircase to the Lair.
 12278 | D:10     | Reached XP level 11. HP: 40/47 MP: 10/22
 13251 | Lair:1   | Entered Level 1 of the Lair of Beasts
 13281 | Lair:1   | Identified the +1 cloak of Fashionability {+Inv rN+ Slay+3}
 14171 | Lair:1   | Identified the +8 short sword of Mebirum {venom, rF+ Str+3
                  | Stlth+}
 14240 | Lair:1   | Reached skill level 10 in Stealth
 14691 | Lair:2   | Noticed a boulder beetle
 14842 | Temple   | Entered the Ecumenical Temple
 15738 | D:7      | Fell from the grace of Ignis
 15738 | D:7      | Became a worshipper of Uskayaw the Reveller
 16011 | Lair:2   | Reached * piety under Uskayaw
 16026 | Lair:2   | Reached ** piety under Uskayaw
 16028 | Lair:2   | Killed a boulder beetle
 16029 | Lair:2   | Reached skill level 1 in Short Blades
 16316 | Lair:2   | Found a staircase to the Snake Pit.
 16362 | Lair:2   | Found a staircase to the Shoals.
 16422 | Lair:2   | You fall into a shaft and drop 2 floors!
 16476 | Lair:4   | You fall into a shaft and drop 2 floors!
 16476 | Lair:6   | Entered Level 6 of the Lair of Beasts
 16476 | Lair:6   | Found a basalt altar of Yredelemnul.
 16569 | Lair:3   | Mangled by a komodo dragon

Illustrated notes

Levels and vault maps discovered:
D:1:      minmay_arrival_checkered_box, layout_loops_corners,
          basic_ecumenical_altar, minmay_misc_feat_alley
D:2:      layout_loops_ring, dreamdust_mushroom_princess,
          minmay_worlds_worst_comb
D:3:      layout_loops_ring, lemuel_zombie_altar_kikubaaqudgha,
          kennysheep_generic_room_4, uniq_grinder, uniq_robin
D:4:      layout_basic, mainiacjoe_overflow_small_starburst, serial_shops,
          nicolae_shop_window_shopping, minivault_11, uniq_crazy_yiuf_cottage
D:5:      layout_loops_ring, water_maze_lemuel
D:6:      corexii_shantytown, layout_loops_ring
D:7:      lemuel_ice_spiral_2, layout_rooms, general_overflow_altar,
          mainiacjoe_overflow_alcove_1, minmay_temple_entry_ruins,
          gammafunk_ghost_wrathful_warriors, serial_bayou_crossing
D:8:      layout_cave_pods
D:9:      layout_rooms, orc_0_dummy
D:10:     layout_basic, erik_lair_orcish_takeover, serial_glass,
          glass_columns_a, glass_columns_a
Temple:   hc_temple_tempest_star
Lair:1:   layout_misc_corridors, gammafunk_lair_bear_cave, serial_bayou_shore_b,
          grunt_megastairs_2
Lair:2:   layout_cave_pods, minmay_shoals_entry_lonely_mermaid,
          minmay_snake_entry_guardpost_medium, infiniplex_staircase_pool,
          lemuel_fruit_fields
Lair:3:   layout_small_grid, serial_bayou_pond_c
Lair:4:   layout_hall_layers, nzn_random_ring, grunt_megastairs_3,
          lemuel_fruit_tree
Lair:5:   layout_regular_city, minmay_slime_entry_jelly_boxes,
          gammafunk_ghost_icy, lemuel_fruit_fields, grunt_megastairs_5,
          infiniplex_staircase_pool_2, uniq_snorg
Lair:6:   minmay_lair_end_frog_pond, layout_misc_corridors, basic_altar,
          minivault_27

Skill      XL: |  1  2  3  4  5  6  7  8  9 10 11 |
---------------+----------------------------------+-----
Stealth        | 3 4 5 7 8 9 10 | 10.0
Dodging        | 2 3 4 5 6 |  6.4
Spellcasting   | 3 4 5 6 7 8 |  8.2
Ice Magic      | 5 6 7 8 |  8.9
Axes           | 1 2 4 5 |  5.7
Conjurations   | 1 3 4 5 6 |  6.9
Translocations | 2 4 |  4.2
Short Blades   | 2 |  2.2

Action                   |  1- 3 |  4- 6 |  7- 9 | 10-12 || total
-------------------------+-------+-------+-------+-------++-------
Melee: Unarmed           |    38 |       |       |       ||    38
       Bite              |    15 |    15 |    61 |    75 ||   166
       Hand axe          |    25 |    75 |   252 |   168 ||   520
       Punch             |       |       |     4 |     3 ||     7
       Short sword       |       |       |       |    52 ||    52
 Cast: Freeze            |    44 |    14 |     7 |    14 ||    79
       Frozen Ramparts   |       |       |     4 |    16 ||    20
       Ozocubu's Armour  |       |       |       |     2 ||     2
       Blink             |       |       |       |     1 ||     1
Invok: Fiery Armour      |       |     1 |     3 |     2 ||     6
       Foxfire Swarm     |       |     1 |     3 |       ||     4
       Rising Flame      |       |       |       |     1 ||     1
Evoke: Wand              |       |       |       |     8 ||     8
  Use: Scroll            |       |     4 |    10 |     2 ||    16
       Potion            |       |       |     1 |     1 ||     2
 Stab: Sleeping          |     2 |     1 |    15 |    13 ||    31
       Distracted        |       |     1 |       |       ||     1
Armor: Robe              |    30 |    11 |    25 |    36 ||   102
Dodge: Dodged            |    67 |    51 |   142 |   186 ||   446

Table legend: (Time is in decaauts)
 A = Elapsed time spent in this place.
 B = Non-inter-level travel time spent in this place.
 C = Inter-level travel time spent in this place.
 D = Time resting spent in this place.
 E = Time spent auto-exploring this place.
 F = Levels seen in this place.
 G = Mean time per level.
                   A        B        C        D        E       F      G
               +--------+--------+--------+--------+--------+-----+--------+
         Total |  16490 |  15328 |   1162 |   4773 |   7484 |  17 |  970.0 |
       Dungeon |  13824 |  12851 |    973 |   4100 |   6388 |  10 | 1382.4 |
        Temple |    482 |    432 |     50 |      0 |    276 |   1 |  482.0 |
          Lair |   2183 |   2044 |    139 |    673 |    819 |   6 |  363.8 |
               +--------+--------+--------+--------+--------+-----+--------+

Top non-repeatable levels by time:
     D:9: 1943 daAuts
     D:1: 1721 daAuts
  Lair:1: 1589 daAuts
    D:10: 1561 daAuts
     D:4: 1477 daAuts
     D:3: 1380 daAuts
     D:6: 1275 daAuts
     D:8: 1243 daAuts
     D:5: 1189 daAuts
     D:7: 1177 daAuts
     D:2: 854 daAuts
  Temple: 482 daAuts
  Lair:2: 448 daAuts
  Lair:3: 68 daAuts
  Lair:4: 57 daAuts
